 Dungeon Crawl Stone Soup version 0.31-a0-348-g810772c3d7 (webtiles) character file.

Game seed: 11042741604438996685

109 AdnanSaban the Shield-Bearer (level 4, -6/29 HPs)
             Began as a Gargoyle Fighter on July 23, 2023.
             Mangled by Sigmund
             ... wielding a +0 scythe
              (8 damage)
             ... on level 4 of the Dungeon.
             The game lasted 00:02:04 (1839 turns).

AdnanSaban the Shield-Bearer (Gargoyle Fighter)     Turns: 1839, Time: 00:02:04

Health: -6/29      AC: 12    Str: 25    XL:     4   Next: 89%
Magic:  4/4        EV:  9    Int: 12    God:
Gold:   91         SH:  4    Dex:  9    Spells: 3/3 levels left

rFire   . . .        a - +0 flail
rCold   . . .        c - +0 buckler
rNeg    + . .        b - +0 scale mail
rPois   ∞            k - +1 helmet {Int+3}
rElec   +            (no cloak)
rCorr   .            (no gloves)
SInv    .            (no boots)
Will    +....        s - amulet of the Sky {RegenMP Will+ Str+4} Stlth
                     (no ring)
HPRegen 0.24/turn    (no ring)
MPRegen 0.49/turn

%: no passive effects
@: no status effects
A: sickness immunity, AC +3, negative energy resistance 1, electricity
resistance, torment resistance 1, petrification resistance
a: no special abilities


You were on level 4 of the Dungeon.
You visited 1 branch of the dungeon, and saw 4 of its levels.

You collected 91 gold pieces.

Inventory:

Hand Weapons
 a - a +0 flail (weapon)
Armour
 b - a +0 scale mail (worn)
 c - a +0 buckler (worn)
 k - a +1 helmet of intelligence (worn)
Jewellery
 g - a ring of wizardry
 s - the amulet of the Sky (around neck) {RegenMP Will+ Str+4}
   (You found it on level 3 of the Dungeon)

   [amulet of magic regeneration]

   It increases your rate of magic regeneration.
   Str:       It affects your strength (+4).
   Will:      It increases your willpower.
Scrolls
 e - 2 scrolls of immolation {unknown}
 f - 2 scrolls of identify {unknown}
 h - a scroll of brand weapon {unknown}
 i - a scroll of blinking {unknown}
 j - a scroll of fog {unknown}
 o - 2 scrolls of enchant armour {unknown}
 p - a scroll of revelation {unknown}
 q - a scroll of fear {unknown}
 t - a scroll of poison {unknown}
 u - a scroll of teleportation {unknown}
Potions
 d - 3 potions of might
 l - a potion of attraction {unknown}
 m - a potion of haste {unknown}
 n - 3 potions of heal wounds {unknown}
 r - a potion of degeneration {unknown}


   Skills:
 + Level 3.9 Fighting
 + Level 3.1 Maces & Flails
 + Level 3.9 Armour
 + Level 0.7 Dodging
 + Level 4.0 Shields


You had 3 spell levels left.
You didn't know any spells.
Your spell library contained the following spells:

 Spells                   Type           Power      Damage    Failure   Level
 Summon Small Mammal      Summ           0%         N/A       67%         1
 Blink                    Tloc           0%         N/A       80%         2
 Lesser Beckoning         Tloc           0%         N/A       80%         2
 Momentum Strike          Conj/Tloc      0%         3d8       80%         2
 Call Canine Familiar     Summ           0%         N/A       95%         3
 Ignite Poison            Fire/Tmut/Pois 0%         N/A       95%         3
 Summon Guardian Golem    Hex/Summ       0%         N/A       95%         3
 Freezing Cloud           Conj/Ice/Air   0%         6-21      100%        5
 Cigotuvi's Dreadful Rot  Necr/Pois/Air  Unusable   N/A       N/A         2

Dungeon Overview and Level Annotations

Branches:
Dungeon (4/15)
 Temple: D:4-7

Altars:

Annotations:
D:3 2 transporters
D:4 Sigmund


Innate Abilities, Weirdness & Mutations

You are immune to sickness and miasma.
Your stone body is resilient. (AC +3)
You are immune to poison.
You resist negative energy. (rN+)
You are resistant to electric shocks. (rElec)
You are resistant to unholy torment.
You are immune to petrification.


Message History

You barely miss Sigmund.
Sigmund is moderately wounded.
Sigmund barely misses you.
You hit Sigmund.
Sigmund is heavily wounded.
You closely miss Sigmund.
Sigmund is heavily wounded.
You block Sigmund's attack.
You hit Sigmund.
Sigmund is severely wounded.
Sigmund casts a spell at you. You resist with almost no effort.
You thump Sigmund!
Sigmund is almost dead.
Sigmund casts a spell.
Sigmund flickers and vanishes!
Deactivating autopickup; reactivate with Ctrl-A.
Something hits you.
No target in view!
You closely miss something.
You hear some strange, mumbled words.
You are confused.
Something hits you.
You hear some strange, mumbled words.
Something tries to affect you, but you resist.
You bump into the rock wall.
Something hits you but does no damage. Something hits you!
You're too confused to move!
You feel less confused. Something hits you but does no damage.
You miss something. Something hits you but does no damage.
You barely miss something.
You hear some strange, mumbled words.
A magic dart appears from out of thin air!
The magic dart hits you.
* * * LOW HITPOINT WARNING * * *
You miss something. Something hits you.
* * * LOW HITPOINT WARNING * * *
You miss something. Something hits you!
You die...

##.............
##.....#.....##.
.......#...###
.....##......##..##
............#.....#
#......:....##....
###....#.###...!.
#.......# ...#
#..$..@.###..##
#....#.{<.#...####
#....##...........
##... #...........
#### #.........#.
##..........
##.......##
#.......# ###.....#


There were no monsters in sight!

Vanquished Creatures
  An iguana (D:3)
  An adder (D:3)
  2 dart slugs
  9 ball pythons
  3 endoplasms
  6 giant cockroaches
  4 goblins
  7 hobgoblins (D:1)
  7 jackals (D:1)
  7 kobolds
  2 quokkas (D:1)
  4 bats
  2 frilled lizards
  9 rats
64 creatures vanquished.

Notes
Turn   | Place    | Note
-------+----------+-------------------------------------------
     0 | D:1      | AdnanSaban the Gargoyle Fighter began the quest for the
                  | Orb.
     0 | D:1      | Reached XP level 1. HP: 14/14 MP: 1/1
   136 | D:1      | Reached XP level 2. HP: 19/19 MP: 2/2
   301 | D:1      | Found a faded altar of an unknown god.
   348 | D:1      | Reached XP level 3. HP: 16/23 MP: 3/3
  1071 | D:2      | Reached XP level 4. HP: 29/29 MP: 4/4
  1283 | D:3      | Found a transporter.
  1306 | D:3      | Identified the +5 scale mail "Myem" {rN++ Str+3 Dex+2}
  1306 | D:3      | Noticed a gnoll sergeant
  1425 | D:3      | Identified the amulet of the Sky {RegenMP Will+ Str+4}
  1462 | D:3      | Reached skill level 4 in Shields
  1530 | D:3      | Found a transporter.
  1761 | D:4      | Noticed Sigmund
  1839 | D:4      | Mangled by Sigmund

Illustrated notes

Levels and vault maps discovered:
D:1:      scummos_arrival_checkerplants, layout_loops_ring,
          ebering_ecumenical_altar_petrified
D:2:      layout_rooms
D:3:      layout_rooms, gammafunk_ghost_gnarly_gnolls
D:4:      layout_cave_pools, mainiacjoe_overflow_paths,
          nicolae_overflow_crystal_walls, led_xom_imps, gup_sewer_entry_pipe,
          guppyfry_early_orc_mine, uniq_sigmund

Skill      XL: |  1  2  3  4 |
---------------+-------------+-----
Maces & Flails | 3 |  3.1
Shields        | 4 |  4.0
Fighting       | |  3.9
Armour         | |  3.9
Dodging        | |  0.7

Action                     |  1- 3 |  4- 6 || total
---------------------------+-------+-------++-------
  Melee: Flail             |   143 |    85 ||   228
 Armour: Scale mail        |   100 |    43 ||   143
  Dodge: Dodged            |    86 |    37 ||   123
  Block: Buckler           |    39 |    15 ||    54

Table legend: (Time is in decaauts)
 A = Elapsed time spent in this place.
 B = Non-inter-level travel time spent in this place.
 C = Inter-level travel time spent in this place.
 D = Time resting spent in this place.
 E = Time spent auto-exploring this place.
 F = Levels seen in this place.
 G = Mean time per level.
                   A        B        C        D        E       F      G
               +--------+--------+--------+--------+--------+-----+--------+
         Total |   1911 |   1838 |     73 |      0 |   1315 |   4 |  477.8 |
       Dungeon |   1911 |   1838 |     73 |      0 |   1315 |   4 |  477.8 |
               +--------+--------+--------+--------+--------+-----+--------+

Top non-repeatable levels by time:
     D:1: 864 daAuts
     D:3: 557 daAuts
     D:2: 435 daAuts
     D:4: 54 daAuts
